 Dungeon Crawl Stone Soup version 0.28-a0-1629-gf728b707aa (webtiles) character file.

Game seed: 6680753482396897569

8 Majang the Sneak (level 2, -1/19 HPs)
             Began as a Kobold Delver on Jan 24, 2022.
             Slain by a ball python (3 damage)
             ... on level 4 of the Dungeon.
             The game lasted 00:04:31 (546 turns).

Majang the Sneak (Kobold Delver)                     Turns: 546, Time: 00:04:32

Health: -1/19      AC:  3    Str:  9      XL:     2   Next: 15%
Magic:  2/2        EV: 14    Int: 11      God:
Gold:   11         SH:  0    Dex: 14 (16) Spells: 1/1 levels left

rFire   . . .      SeeInvis .   a - +0 short sword
rCold   . . .      Faith    .   (no shield)
rNeg    . . .      Spirit   .   b - +0 leather armour
rPois   .          Reflect  .   (no helmet)
rElec   .          Harm     .   (no cloak)
rCorr   .          Rampage  .   (no gloves)
Will    .....                   (no boots)
Stlth   ++++......              (no amulet)
HPRegen 0.06/turn               (no ring)
MPRegen 0.08/turn               (no ring)

@: no status effects
A: small, no large weapons, nightstalker 3
a: no special abilities


You were on level 4 of the Dungeon.
You visited 1 branch of the dungeon, and saw 2 of its levels.

You collected 11 gold pieces.

Inventory:

Hand Weapons
 a - a +0 short sword (weapon)
 d - a +0 dagger
Armour
 b - a +0 leather armour (worn)
Wands
 g - a wand of digging (2)
Scrolls
 c - a scroll of fog
 e - a scroll of fear


   Skills:
 + Level 3.5 Fighting
 * Level 3.4 Short Blades
 - Level 2.4 Dodging
 - Level 6.6 Stealth


You had one spell level left.
You didn't know any spells.
Your spell library was empty.

Dungeon Overview and Level Annotations

Branches:
Dungeon (5/15)
 Temple: D:4-7

Altars:

Annotations:
D:4 erthbison's ghost, amateur GrFi
D:5 Menkaure


Innate Abilities, Weirdness & Mutations

You are small and have problems with some larger weapons.
You are completely attuned to the shadows.


Message History

The quasit claws you.
You feel clumsy. The quasit completely misses you. Erthbison's ghost hits you!
Erthbison's ghost whispers, "Meet the emptiness of death!"
The quasit closely misses you. The quasit barely misses you.
The quasit closely misses you.
There is an open door here.
The quasit bites you but does no damage.
The quasit claws you. The quasit barely misses you.
You hit the quasit but do no damage. The quasit bites you.
You feel clumsy.
The quasit claws you but does no damage. x2
You barely miss the quasit. The quasit misses you.
The quasit closely misses you. The quasit misses you.
You closely miss the quasit. The quasit barely misses you.
The quasit misses you. The quasit completely misses you.
You closely miss the quasit. The quasit misses you.
The quasit barely misses you. The quasit claws you. The quasit bites you.
The quasit misses you. The quasit closely misses you.
You aren't carrying any potions.
As you read the scroll labelled ECZAZX ROSAE, it crumbles to dust.
The creatures around you are filled with an inner flame!
It was a scroll of immolation.
The quasit bites you.
* * * LOW HITPOINT WARNING * * *
The quasit closely misses you. The quasit claws you.
* * * LOW HITPOINT WARNING * * *
Unknown command.
The quasit barely misses you. x2; The quasit claws you.
* * * LOW HITPOINT WARNING * * *
The quasit bites you but does no damage.
The quasit closely misses you.
The quasit claws you but does no damage.
A ball python comes into view.
The ball python hisses angrily.
The quasit misses you.
The quasit claws you but does no damage.
The quasit misses you. The ball python bites you.
You die...

.##..........##'####
....................
.#...........#...###
##.####'####.###.#
##'## #.# #.#...#
....# #.####.#.#.#
....# #......#.###
....######.....######
....'........W5.@S...
....######.##########
.#### #.# .# #.# .#
#.. .# .# .# .#


You could see a quasit (inner flame), erthbison's ghost (inner flame) and a ball
python.

Vanquished Creatures
  A dart slug (D:4)
  An orc (D:5)
  A giant cockroach (D:4)
  A hobgoblin (D:4)
  A ball python (D:4)
5 creatures vanquished.

Notes
Turn   | Place    | Note
-------+----------+-------------------------------------------
     0 | D:5      | Majang the Kobold Delver began the quest for the Orb.
     0 | D:5      | Reached XP level 1. HP: 14/14 MP: 1/1
    70 | D:5      | Noticed Menkaure
    70 | D:5      | Noticed a centaur
   351 | D:4      | Reached XP level 2. HP: 15/19 MP: 2/2
   457 | D:4      | Noticed a quasit
   471 | D:4      | Found a transporter.
   479 | D:4      | Noticed a quasit
   487 | D:4      | Found a transporter.
   489 | D:4      | Noticed erthbison's ghost (amateur GrFi)
   494 | D:4      | Noticed a quasit
   546 | D:4      | Slain by a ball python

Illustrated notes

Levels and vault maps discovered:
D:4:      layout_basic, amcnicky_altar_gilded, gammafunk_ghost_stat_death
D:5:      layout_gridville, mainiacjoe_overflow_catwalk, serial_shops, shop,
          minivault_25, uniq_menkaure

Skill      XL: |  1 |
---------------+----+-----
Short Blades   | 3 |  3.4
Fighting       | |  3.5
Dodging        | |  2.4
Stealth        | |  6.6

Action                   || total
-------------------------++-------
Melee: Short sword       ||    14
Evoke: Wand              ||     1
  Use: Scroll            ||     2
       Potion            ||     1
 Stab: Sleeping          ||     4
Armor: Leather armour    ||     8
Dodge: Dodged            ||    29

Table legend: (Time is in decaauts)
 A = Elapsed time spent in this place.
 B = Non-inter-level travel time spent in this place.
 C = Inter-level travel time spent in this place.
 D = Time resting spent in this place.
 E = Time spent auto-exploring this place.
 F = Levels seen in this place.
 G = Mean time per level.
                   A        B        C        D        E       F      G
               +--------+--------+--------+--------+--------+-----+--------+
         Total |    525 |    506 |     19 |    233 |      0 |   2 |  262.5 |
       Dungeon |    525 |    506 |     19 |    233 |      0 |   2 |  262.5 |
               +--------+--------+--------+--------+--------+-----+--------+

Top non-repeatable levels by time:
     D:4: 373 daAuts
     D:5: 152 daAuts
